 Dungeon Crawl Stone Soup version 0.30-a0-939-gc8157cb160 (webtiles) character file.

Game seed: 15608521207605391896

329 serber55 the Caller (level 6, 41/41 HPs)
             Began as a Merfolk Summoner on Mar 26, 2023.
             Was an Initiate of Okawaru.
             Quit the game on level 3 of the Dungeon.
             The game lasted 00:13:19 (2202 turns).

serber55 the Caller (Merfolk Summoner)              Turns: 2202, Time: 00:13:20

Health: 41/41      AC:  3    Str: 10    XL:     6   Next: 51%
Magic:  10/10      EV: 13    Int: 15    God:    Okawaru [......]
Gold:   69         SH:  0    Dex: 14    Spells: 5/11 levels left

rFire   . . .      SeeInvis .    c - +0 spear
rCold   . . .      Faith    .    (no shield)
rNeg    . . .      Spirit   .    a - +0 robe
rPois   .          Reflect  .    (helmet restricted)
rElec   .          Rampage  .    (no cloak)
rCorr   .                        h - +0 pair of gloves
Will    .....                    (no boots)
Stlth   ++                       (no amulet)
HPRegen 0.26/turn                (no ring)
MPRegen 0.12/turn                (no ring)

@: no status effects
A: (nimble swimmer 2), mertail, horns 1, frail 1
a: Renounce Religion


You were on level 3 of the Dungeon.
You worshipped Okawaru.
Okawaru was noncommittal.
You visited 1 branch of the dungeon, and saw 4 of its levels.

You collected 118 gold pieces.
You spent 49 gold pieces at shops.

Inventory:

Hand Weapons
 c - a +0 spear (weapon)
 e - a +0 scythe
Missiles
 o - 6 javelins (quivered)
Armour
 a - a +0 robe (worn)
 g - a +0 helmet
 h - a +0 pair of gloves (worn)
Jewellery
 k - an amulet of faith
Scrolls
 d - a scroll of teleportation
 i - a scroll of torment
Potions
 b - 2 potions of magic
 f - a potion of berserk rage
 m - 2 potions of haste {unknown}
 p - a potion of heal wounds {unknown}
 q - 2 potions of flight {unknown}
 r - 2 potions of invisibility {unknown}


   Skills:
 + Level 2.5 Fighting
 * Level 4.6 Polearms
 - Level 3.1 Dodging
 - Level 2.1 Stealth
 + Level 3.0 Spellcasting
 * Level 5.2 Summonings


You had 5 spell levels left.
You knew the following spells:

 Your Spells              Type           Power      Damage    Failure   Level
a - Summon Small Mammal   Summ           72%        N/A       2%          1
b - Call Canine Familiar  Summ           18%        N/A       7%          3
c - Call Imp              Summ           18%        N/A       3%          2

Your spell library contained the following spells:

 Spells                   Type           Power      Damage    Failure   Level
 Apportation              Tloc           4%         N/A       21%         1
 Alistair's Intoxication  Tmut/Pois      1%         N/A       99%         5
 Summon Guardian Golem    Hex/Summ       Unusable   N/A       N/A         3
 Summon Lightning Spire   Summ/Air       Unusable   N/A       N/A         4

Dungeon Overview and Level Annotations

Branches:
Dungeon (4/15)
 Temple: D:4-7

Altars:
Okawaru
Sif Muna
Uskayaw

Shops:
D:2 [


Innate Abilities, Weirdness & Mutations

((You are very nimble when in or above water. (Stealth+, EV+, Speed+++)))
Your lower body shifts to a powerful aquatic tail in water.
You have a pair of small horns on your head.
You are frail. (-10% HP)


Message History

HP restored.
You see here a +0 whip.
You see here a +0 spear.
There is a stone staircase leading down here.
You climb downwards.
There is a stone staircase leading up here.
You open the door.
Found an iron altar of Okawaru.
There is an open door here.
There is an iron altar of Okawaru here.
You kneel at the altar of Okawaru.
There is an iron altar of Okawaru here.
You kneel at the altar of Okawaru.
Okawaru welcomes you!
Okay, then.
Casting: Call Canine Familiar (dangerous; 7% risk of failure)
Confirm with . or Enter, or press ? or * to list all spells.
Okay, then.
Okay, then.
Okay, then.
Casting: Call Canine Familiar (dangerous; 7% risk of failure)
Confirm with . or Enter, or press ? or * to list all spells.
You cannot coerce anything to answer your summons.
You open the door.
A bat comes into view.
Casting: Call Canine Familiar (dangerous; 7% risk of failure)
Confirm with . or Enter, or press ? or * to list all spells.
You cannot coerce anything to answer your summons.
You closely miss the bat. Your headbutt misses the bat. The bat misses you. x2
You hit the bat.
You kill the bat!
Okawaru accepts your kill.
There is an iron altar of Okawaru here.
You offer a prayer to Okawaru.
Unknown command.
Press < or > to pray at altars.
You offer a prayer to Okawaru.
You offer a prayer to Okawaru.
You offer a prayer to Okawaru.
Are you sure you want to abandon this character and quit the game? (Confirm with "yes".)

# ##.#
#.#####.#####.# .##
### #.............#
.. .. #######.#######
... #.## #.# .... ..#
#.# #.... ####†######
#.# #....
+.......'.###.##
#.≈...≈.#..#...######
#.≈.@§§.#...........#
#.≈..§≈§#.##...####.#
+....§§.+.###.## #.#
####+####.# #.### #.#
#.# #...# #.# #.#
###.# #.#
#.#####.###.#
#...........#
######.#####


There were no monsters in sight!

Vanquished Creatures
  A hound (D:4)
  A worm (D:2)
  A dart slug (D:1)
  5 endoplasms
  4 hobgoblins
  5 jackals
  2 kobolds
  3 quokkas (D:1)
  4 ball pythons
  A bat (D:3)
  A frilled lizard (D:2)
  A rat (D:1)
29 creatures vanquished.

Vanquished Creatures (collateral kills)
  Sigmund (D:2)
  A hound (D:4)
  A gnoll bouda (D:2)
  2 gnolls (D:2)
  A worm (D:2)
  7 endoplasms
  A giant cockroach (D:2)
  A goblin (D:1)
  3 hobgoblins
  3 jackals
  A quokka (D:1)
  A frilled lizard (D:2)
  2 kobolds
25 creatures vanquished.

Grand Total: 54 creatures vanquished

Notes
Turn   | Place    | Note
-------+----------+-------------------------------------------
     0 | D:1      | serber55 the Merfolk Summoner began the quest for the Orb.
     0 | D:1      | Reached XP level 1. HP: 13/13 MP: 3/3
   150 | D:1      | Reached skill level 1 in Polearms
   150 | D:1      | Reached XP level 2. HP: 15/20 MP: 3/5
   168 | D:1      | Found a faded altar of an unknown god.
   506 | D:1      | Reached XP level 3. HP: 25/25 MP: 6/6
   547 | D:1      | Learned a level 3 spell: Call Canine Familiar
   643 | D:1      | Reached skill level 1 in Fighting
   982 | D:2      | Found a hide-covered altar of Uskayaw.
  1053 | D:2      | You fall into a shaft and drop 2 floors!
  1070 | D:4      | Reached XP level 4. HP: 32/32 MP: 3/7
  1073 | D:4      | Learned a level 2 spell: Call Imp
  1148 | D:4      | Found a shimmering blue altar of Sif Muna.
  1196 | D:4      | Noticed a black bear
  1255 | D:3      | Reached XP level 5. HP: 38/38 MP: 5/8
  1346 | D:3      | Gained mutation: You have a pair of small horns on your
                  | head. [potion of mutation]
  1346 | D:3      | Gained mutation: You are frail. (-10% HP) [potion of
                  | mutation]
  1517 | D:2      | Noticed Sigmund
  1532 | D:2      | Killed Sigmund
  1533 | D:2      | Reached skill level 5 in Summonings
  1533 | D:2      | Reached XP level 6. HP: 41/41 MP: 3/10
  1814 | D:2      | Found Xaodgh's Armour Shoppe.
  1823 | D:2      | Bought a +0 pair of gloves for 49 gold pieces
  2186 | D:3      | Found an iron altar of Okawaru.
  2194 | D:3      | Became a worshipper of Warmaster Okawaru
  2202 | D:3      | Quit the game

Illustrated notes

Levels and vault maps discovered:
D:1:      enne_arrival_octagon_isle, layout_rooms,
          hellmonk_ecumenical_altar_dog_temple
D:2:      layout_loops_ring, serial_shops, nicolae_lakefront_shop, basic_altar,
          uniq_sigmund
D:3:      layout_loops_ring, nzn_wu_jian_council_hall,
          mainiacjoe_overflow_six_doors_small, minmay_checkerbox, uniq_natasha,
          uniq_robin, uniq_grinder
D:4:      layout_rooms, lemuel_blue_sif_altar, minmay_temple_entry_overgrown

Skill      XL: |  1  2  3  4  5 |
---------------+----------------+-----
Polearms       | 1 2 3 4 |  4.6
Dodging        | 3 |  3.1
Fighting       | 1 2 |  2.5
Spellcasting   | 3 |  3.0
Summonings     | 5 |  5.2
Stealth        | |  2.1

Action                     |  1- 3 |  4- 6 || total
---------------------------+-------+-------++-------
  Melee: Spear             |   105 |    47 ||   152
         Headbutt          |       |     3 ||     3
  Throw: Javelin           |     1 |     1 ||     2
   Cast: Summon Small Mamm |    16 |     1 ||    17
         Call Canine Famil |     5 |     9 ||    14
         Call Imp          |       |     1 ||     1
    Use: Scroll            |       |     7 ||     7
         Potion            |       |     1 ||     1
   Stab: Distracted        |     2 |     2 ||     4
         Sleeping          |     1 |     1 ||     2
 Armour: Robe              |    22 |     2 ||    24
  Dodge: Dodged            |    70 |    24 ||    94

Table legend: (Time is in decaauts)
 A = Elapsed time spent in this place.
 B = Non-inter-level travel time spent in this place.
 C = Inter-level travel time spent in this place.
 D = Time resting spent in this place.
 E = Time spent auto-exploring this place.
 F = Levels seen in this place.
 G = Mean time per level.
                   A        B        C        D        E       F      G
               +--------+--------+--------+--------+--------+-----+--------+
         Total |   2198 |   2101 |     97 |    426 |   1088 |   4 |  549.5 |
       Dungeon |   2198 |   2101 |     97 |    426 |   1088 |   4 |  549.5 |
               +--------+--------+--------+--------+--------+-----+--------+

Top non-repeatable levels by time:
     D:2: 1069 daAuts
     D:1: 718 daAuts
     D:3: 265 daAuts
     D:4: 145 daAuts
